 Dungeon Crawl Stone Soup version 0.20.0-15-g7f486f2 (webtiles) character file.

78 taytron the Firebug (level 4, -3/34 HPs)
             Began as a Hill Orc Fire Elementalist on June 13, 2017.
             Slain by an adder (5 damage)
             ... on level 2 of the Dungeon.
             The game lasted 00:22:23 (1798 turns).

taytron the Firebug (Hill Orc Fire Elementalist)    Turns: 1798, Time: 00:22:24

Health: -3/34      AC:  3    Str: 11    XL:     4   Next: 36%
Magic:  6/6        EV: 12    Int: 15    God:
Gold:   129        SH:  0    Dex: 11    Spells: 6/6 levels left

rFire    . . .     SeeInvis .   k - +0 hand axe
rCold    + . .     Gourm    .   (no shield)
rNeg     . . .     Faith    .   a - +1 robe
rPois    .         Spirit   .   (no helmet)
rElec    .         Reflect  .   (no cloak)
rCorr    .         Harm     .   (no gloves)
MR       .....                  (no boots)
Stlth    ++........             (no amulet)
Regen    0.2/turn               g - ring of protection from cold
MPRegen  0.1/turn               (no ring)

@: lethally poisoned (-3 -> -7)
A: no striking features
a: no special abilities


You were on level 2 of the Dungeon.
You were not hungry.

You visited 1 branch of the dungeon, and saw 3 of its levels.

You collected 129 gold pieces.

Inventory:

Hand Weapons
 k - a +0 hand axe (weapon)
 p - a +0 dagger
 y - a +0 club
 z - a +0 hand axe
 A - a +0 dagger
 B - a +0 hand axe
Missiles
 d - 98 stones (quivered)
 e - 22 poisoned needles
 h - 62 arrows
 m - 4 tomahawks
Armour
 a - a +1 robe (worn)
 q - a cursed +0 animal skin
 r - a +0 leather armour
 s - a +0 leather armour
 x - a cursed +0 cloak
Jewellery
 g - a ring of protection from cold (left hand)
Wands
 t - a wand of random effects (33/48)
Scrolls
 i - 3 scrolls of identify
 l - a scroll of immolation {unknown}
 u - a scroll of teleportation
Potions
 n - a potion of haste {unknown}
 o - a potion of magic {unknown}
 w - 2 potions of invisibility {unknown}
Books
 b - a book of Flames

   Spells                             Type                      Level
   a - Flame Tongue                   Conjuration/Fire             1
   b - Throw Flame                    Conjuration/Fire             2
   c - Conjure Flame                  Conjuration/Fire             3
   d - Inner Flame                    Hexes/Fire                   3
   e - Sticky Flame                   Conjuration/Fire             4
   f - Fireball                       Conjuration/Fire             5
Comestibles
 c - 2 bread rations
 f - 4 chunks of flesh
 v - a meat ration


   Skills:
 + Level 0.8 Fighting
 + Level 2.3 Axes
 + Level 1.2 Armour
 + Level 1.8 Dodging
 + Level 1.8 Stealth
 + Level 0.4 Unarmed Combat
 + Level 1.8 Spellcasting
   Level 1.1 Conjurations
   Level 4.0 Fire Magic


You had 6 spell levels left.
You didn't know any spells.

Dungeon Overview and Level Annotations

Branches:
Dungeon (3/15)

Altars:
Trog
Xom
The Shining One


Message History

The adder bites you.
* * * LOW HITPOINT WARNING * * *
You feel sick. The adder completely misses you.
You feel sick. The adder closely misses you. The adder bites you.
* * * LOW HITPOINT WARNING * * *
You are lethally poisoned!
The adder poisons you!
* * * LOW HITPOINT WARNING * * *
You feel sick. The adder bites you but does no damage.
There is a stone staircase leading up here.
* * * LOW HITPOINT WARNING * * *
You feel sick. The adder misses you.
You climb upwards.
There is a stone staircase leading down here.
You hit the adder.
The adder is severely wounded.
* * * LOW HITPOINT WARNING * * *
You feel sick. The adder bites you.
You die...

.# #.###..##.#######.##*#.#
.#*#######.................####.#
.#*........###...########........
##*.######.# #...# #.#####.. *,*
#.# ###.# #.# ### *,* #.# #.# #.#
*,* #.# #.# #.# *,* #.# #.# #.#
*,* #.# #@########.## *,* #.#
#.S.........# *,* *,*
##########..# *,* *,**********
#..#***** *,* *,,,,,,,,,,*
#....,,,, *,* **********,*
#.####*** ###.# *<****#.# ....#
*,,,,,..# ##### ******###


You could see an adder.

Vanquished Creatures
  An adder (D:2)
  A worm (D:2)
  2 dart slugs (D:1)
  3 orcs (D:3)
  2 bats (D:1)
  4 giant cockroaches
  9 goblins
  2 hobgoblins
  13 jackals (D:2)
  3 kobolds (D:1)
  A quokka (D:2)
  A ball python (D:3)
  2 frilled lizards
  7 rats
51 creatures vanquished.

Notes
Turn   | Place    | Note
-------+----------+-------------------------------------------
     0 | D:1      | taytron the Hill Orc Fire Elementalist began the quest for the Orb.
     0 | D:1      | Reached XP level 1. HP: 14/14 MP: 3/3
   274 | D:1      | Reached XP level 2. HP: 20/20 MP: 2/4
   947 | D:2      | Reached XP level 3. HP: 26/26 MP: 5/5
   949 | D:2      | Reached skill level 4 in Fire Magic
  1060 | D:2      | Found a shimmering altar of Xom.
  1275 | D:2      | Reached skill level 1 in Axes
  1275 | D:2      | Reached skill level 1 in Armour
  1487 | D:2      | Found a bloodstained altar of Trog.
  1532 | D:2      | Reached XP level 4. HP: 21/34 MP: 6/6
  1576 | D:2      | Found a glowing golden altar of the Shining One.
  1798 | D:2      | Slain by an adder

Skill      XL: |  1  2  3  4 |
---------------+-------------+-----
Fire Magic     | 4 |  4.0
Axes           | 1 2 |  2.3
Armour         | 1 |  1.2
Fighting       | |  0.8
Dodging        | |  1.8
Stealth        | |  1.8
Unarmed Combat | |  0.4
Spellcasting   | |  1.8
Conjurations   | |  1.1

Action                   |  1- 3 |  4- 6 || total
-------------------------+-------+-------++-------
Melee: Unarmed           |    32 |       ||    32
       Hand axe          |   101 |    64 ||   165
Throw: Stone             |    25 |     6 ||    31
 Cast: Flame Tongue      |     8 |       ||     8
  Use: Potion            |     2 |       ||     2
       Scroll            |     5 |     1 ||     6
  Eat: Chunk             |     2 |       ||     2
       Bread ration      |     1 |       ||     1
Armor: Robe              |     4 |     4 ||     8
       Chain mail        |    90 |    48 ||   138
Dodge: Dodged            |    48 |    26 ||    74
